 Dungeon Crawl Stone Soup version 0.22.1-2-g9c5b331383 (webtiles) character file.

219 Flure the Sneak (level 5, -10/25 HPs)
             Began as a Spriggan Earth Elementalist on Nov 25, 2018.
             Killed by divine providence
             ... invoked by an orc priest
              (14 damage)
             ... on level 4 of the Dungeon.
             The game lasted 00:07:40 (2690 turns).

Flure the Sneak (Spriggan Earth Elementalist)       Turns: 2690, Time: 00:07:42

Health: -10/25     AC:  2    Str:  4    XL:     5   Next: 63%
Magic:  8/11       EV: 19    Int: 17    God:
Gold:   189        SH:  0    Dex: 17    Spells: 8/11 levels left

rFire    + . .     SeeInvis +   q - +2 dagger (distort)
rCold    + . .     Gourm    .   (shield restricted)
rNeg     . . .     Faith    .   c - +0 robe
rPois    +         Spirit   .   (helmet restricted)
rElec    +         Reflect  .   (no cloak)
rCorr    +         Harm     .   (gloves unavailable)
MR       .....                  (boots unavailable)
Stlth    +++.......             (no amulet)
HPRegen  0.08/turn              (no ring)
MPRegen  0.12/turn              (no ring)

@: lethally poisoned (-10 -> -12), resistant, very quick
A: very small, unfitting armour, see invisible, herbivore, speed 3, slow
metabolism 2
a: no special abilities


You were on level 4 of the Dungeon.
You were not hungry.

You visited 1 branch of the dungeon, and saw 4 of its levels.

You collected 189 gold pieces.

Inventory:

Hand Weapons
 e - a +0 club
 o - a +0 short sword
 q - a +2 dagger of distortion (weapon)
 B - a cursed -2 dagger
Missiles
 b - 42 stones (quivered)
Armour
 c - a +0 robe (worn)
Jewellery
 r - a +2 ring of intelligence {unknown}
 s - an uncursed amulet of the gourmand {unknown}
 t - an uncursed ring of poison resistance {unknown}
 v - a +6 ring of dexterity {unknown}
 z - an uncursed ring of protection from fire {unknown}
Wands
 y - a wand of iceblast (8)
Scrolls
 a - a scroll of enchant weapon {unknown}
 g - 8 scrolls of identify {unknown}
 h - a scroll of teleportation {unknown}
 k - 3 scrolls of remove curse {unknown}
 l - a scroll of enchant armour {unknown}
 n - a scroll of magic mapping {unknown}
 x - a scroll of amnesia {unknown}
 A - a scroll of blinking {unknown}
Potions
 i - a potion of lignification {unknown}
 j - a potion of degeneration {unknown}
 m - a potion of heal wounds {unknown}
 p - a potion of curing {unknown}
 u - a potion of might {unknown}
 w - 2 potions of haste {unknown}
Comestibles
 d - 6 rations


   Skills:
 + Level 0.8 Fighting
 + Level 2.6 Short Blades
 + Level 3.9 Dodging
 + Level 4.2 Stealth
 + Level 3.8 Spellcasting
 + Level 1.3 Transmutations
 * Level 4.0 Earth Magic


You had 8 spell levels left.
You knew the following spells:

 Your Spells              Type           Power        Failure   Level  Hunger
a - Sandblast             Erth           ###...       3%          1    None
b - Passwall              Tmut/Erth      ##......     9%          2    ##.....

Your spell library contained the following spells:

 Spells                   Type           Power        Failure   Level  Hunger
 Stone Arrow              Conj/Erth      ##....       22%         3    ###....
 Petrify                  Tmut/Erth      ##......     47%         4    ####...
 Lee's Rapid Deconstruct  Erth           ###.......   65%         5    ######.


Dungeon Overview and Level Annotations

Branches:
Dungeon (4/15)
 Temple: D:4-7

Altars:
Cheibriados
Fedhas
Hepliaklqana
Nemelex Xobeh
Uskayaw
Wu Jian


Innate Abilities, Weirdness & Mutations

You are very small and have problems with some larger weapons.
You are too small for most types of armour.
You have supernaturally acute eyesight. (SInv)
You are a herbivore.
You cover ground extremely quickly.
You need to consume almost no food.


Message History

The orc priest shouts!
The orc shouts! x2
You hit the orc priest.
Space bends around the orc priest.
The orc priest is moderately wounded.
The orc priest invokes the aid of Beogh against you.
Pain shoots through your body!
Ouch! That really hurt!
* * * LOW HITPOINT WARNING * * *
You barely miss the orc priest.
The orc priest is moderately wounded.
You feel sick. The adder skeleton closely misses you.
The orc hits you with a dagger.
* * * LOW HITPOINT WARNING * * *
It was a potion of resistance.
You feel protected.
The adder skeleton completely misses you.
The orc hits you but does no damage.
The orc priest invokes the aid of Beogh against you.
Beogh smites you!
Ouch! That really hurt!
You die...

.........#..#.#
#..........###...# ....
.....#......#
#..###.##...##....
####...#..####.##....
####..!.................
..[...................#.
#......Z###.#...........
#.....o@....#.#.........
#....o.o##....#.........
#.......###.............
#######.# #.#.#.........
#.# #...#......... #.#
#####......... #.#
##.......( #.# ##.....#.
########


You could see an orc priest, 2 orcs and an adder skeleton.

Vanquished Creatures
  A hound (D:4)
  An orc wizard (D:4)
  A centaur skeleton (D:4)
  A worker ant (D:4)
  4 adders
  2 oozes
  A worm (D:2)
  A dart slug (D:1)
  A leopard gecko (D:1)
  5 bats
  A giant cockroach (D:2)
  13 goblins
  5 hobgoblins
  6 jackals (D:3)
  6 kobolds
  3 ball pythons
  5 frilled lizards
  A jackal skeleton (D:4)
  A leopard gecko skeleton (D:4)
  2 rats (D:1)
61 creatures vanquished.

Notes
Turn   | Place    | Note
-------+----------+-------------------------------------------
     0 | D:1      | Flure the Spriggan Earth Elementalist began the quest for
                  | the Orb.
     0 | D:1      | Reached XP level 1. HP: 9/9 MP: 5/5
   184 | D:1      | Reached XP level 2. HP: 13/13 MP: 6/6
   191 | D:1      | Learned a level 2 spell: Passwall
   527 | D:1      | Reached XP level 3. HP: 7/16 MP: 4/8
   938 | D:2      | Found a hazy altar of Hepliaklqana.
   942 | D:2      | Found a snail-covered altar of Cheibriados.
  1327 | D:2      | Found an ornate altar of the Wu Jian Council.
  1342 | D:2      | Found a hide-covered altar of Uskayaw.
  1737 | D:3      | Reached XP level 4. HP: 15/21 MP: 10/10
  1782 | D:3      | Found a sparkling altar of Nemelex Xobeh.
  2242 | D:2      | Reached skill level 1 in Short Blades
  2479 | D:4      | Found a blossoming altar of Fedhas.
  2523 | D:4      | Reached XP level 5. HP: 25/25 MP: 7/11
  2690 | D:4      | Killed from afar by an orc priest

Skill      XL: |  1  2  3  4  5 |
---------------+----------------+-----
Earth Magic    | 3 4 |  4.0
Spellcasting   | 3 |  3.8
Short Blades   | 1 2 |  2.6
Stealth        | 4 |  4.2
Fighting       | |  0.8
Dodging        | |  3.9
Transmutations | |  1.3

Action                   |  1- 3 |  4- 6 || total
-------------------------+-------+-------++-------
Melee: Club              |    75 |       ||    75
       Dagger            |    16 |    45 ||    61
       Short sword       |    13 |       ||    13
 Cast: Sandblast         |    28 |    10 ||    38
       Passwall          |     1 |     3 ||     4
  Use: Potion            |       |     1 ||     1
 Stab: Sleeping          |     9 |     5 ||    14
Armor: Robe              |    15 |     3 ||    18
Dodge: Dodged            |   113 |    27 ||   140
